 Dungeon Crawl Stone Soup version 0.26-a0-58-g79b31b8662 (webtiles) character file.

Game seed: 16755360186940861361

41114 Nixze the Severer (level 13, -2/184 HPs)
             Began as a Deep Dwarf Berserker on June 8, 2020.
             Was a High Priest of Trog.
             Slain by a death yak (16 damage)
             ... on level 6 of the Lair of Beasts.
             The game lasted 00:57:12 (15271 turns).

Nixze the Severer (Deep Dwarf Berserker)           Turns: 15271, Time: 00:57:13

Health: -2/184     AC: 21    Str: 25    XL:     13   Next: 78%
Magic:  9/9 (0)    EV: 12    Int:  9    God:    Trog [*****.]
Gold:   978        SH:  5    Dex: 12    Spells: 12/12 levels left

rFire    . . .     SeeInvis +   N - +1 broad axe (flame)
rCold    . . .     Gourm    .   G - +0 buckler
rNeg     . . .     Faith    .   L - +0 plate armour
rPois    .         Spirit   .   u - +0 helmet (curse)
rElec    +         Reflect  +   (no cloak)
rCorr    .         Harm     .   C - +0 pair of gloves
MR       +....                  U - +2 pair of boots {run}
Stlth    ..........             d - amulet of reflection
HPRegen  0.00/turn              D - ring "Iptuast" {+Fly rElec MP+9 SInv Stlth-}
MPRegen  0.11/turn              Q - +4 ring of slaying

@: berserking, non-regenerating, very quick
A: damage resistance, heal wounds, sense surroundings 2, no regeneration
a: Heal Wounds, Berserk, Trog's Hand, Brothers in Arms, Renounce Religion, Evoke
Flight


You were on level 6 of the Lair of Beasts.
You worshipped Trog.
Trog was extremely pleased with you.
You were very hungry.

You visited 2 branches of the dungeon, and saw 16 of its levels.
You also visited: Gauntlet.

You collected 1088 gold pieces.
You spent 110 gold pieces at shops.

Inventory:

Hand Weapons
 N - a +1 broad axe of flaming (weapon)
Missiles
 h - 10 silver javelins (quivered)
 l - a boomerang of dispersal
 m - 13 boomerangs
 n - 100 poisoned darts
 J - 3 throwing nets
Armour
 u - a cursed +0 helmet (worn)
 C - a +0 pair of gloves (worn)
 G - a +0 buckler (worn)
 I - a +2 ring mail of fire resistance
 K - a +2 scale mail of positive energy
 L - a +0 plate armour (worn)
 U - a +2 pair of boots of running (worn)
Jewellery
 d - an amulet of reflection (around neck)
 z - the ring "Eghojyco" {*Tele rF+ rC+ rN+}
   (You found it in a Gauntlet)

   [ring of teleportation]

   It may teleport you next to monsters.
   It protects you from fire.
   It protects you from cold.
   It protects you from negative energy.
 D - the ring "Iptuast" (left hand) {+Fly rElec MP+9 SInv Stlth-}
   (You found it on level 5 of the Dungeon)

   [ring of see invisible]

   It insulates you from electricity.
   It affects your magic capacity (+9).
   It lets you see invisible.
   It lets you fly.
   It makes you less stealthy.
 H - a +6 ring of strength
 Q - a +4 ring of slaying (right hand)
 S - an uncursed ring of protection from cold
 T - a cursed -4 ring of dexterity
Wands
 j - a wand of iceblast (6)
 o - a wand of disintegration (24)
 q - a wand of clouds (1)
 B - a wand of polymorph (17)
 P - a wand of acid (9)
 R - a wand of digging (4)
 V - a wand of flame (24)
Scrolls
 a - 3 scrolls of fear
 e - 4 scrolls of fog
 g - 10 scrolls of teleportation
 p - 10 scrolls of remove curse
 t - a scroll of magic mapping {unknown}
 v - 6 scrolls of blinking
 y - a scroll of vulnerability
 A - a scroll of torment {unknown}
 F - a scroll of enchant armour {unknown}
 O - a scroll of immolation {unknown}
Potions
 f - 2 potions of invisibility
 i - 7 potions of curing
 k - 2 potions of flight
 r - 5 potions of haste
 s - 2 potions of lignification
 w - 5 potions of mutation
 x - 3 potions of magic
 E - a potion of ambrosia
 M - 2 potions of stabbing
Comestibles
 b - 5 chunks of flesh
 c - 28 rations


   Skills:
 + Level 10.0 Fighting
 * Level 15.4 Axes
 + Level 6.3 Throwing
 + Level 11.4 Armour
 + Level 11.4 Dodging
 - Level 4.0 Shields


You had 12 spell levels left.
You didn't know any spells.
Your spell library was empty.

Dungeon Overview and Level Annotations

Branches:
Dungeon (10/15)            Temple (0/1) D:5            Lair (6/6) D:8
 Shoals (0/4) Lair:2       Spider (0/4) Lair:2        Slime (0/5) Lair:6
    Orc (0/2) D:10        Gauntlet (visited)

Altars:
Cheibriados
Dithmenos
Elyvilon
Fedhas
Hepliaklqana
Kikubaaqudgha
Nemelex Xobeh
Okawaru
Ru
Trog
Vehumet
Wu Jian
Yredelemnul
Jiyva

Shops:
D:4 ?   D:6 [


Innate Abilities, Weirdness & Mutations

You are resistant to damage.
You can heal yourself by infusing magical energy.
You passively map the area around you.
You do not regenerate.


Message History

The silver javelin barely misses the yak.
The death yak bellows!
The silver javelin pierces through the death yak!
The death yak is almost dead.
The silver javelin completely misses the death yak.
The silver javelin pierces through the yak!
The yak is heavily wounded.
The silver javelin pierces through the death yak!
The death yak is lightly wounded.
The yak barely misses you.
A red film seems to cover your vision as you go berserk!
You feel yourself moving faster!
You feel mighty!
You are feeling very hungry.
The yak gores you but does no damage. The death yak gores you.
A yak comes into view.
The yak bellows!
You hit the death yak but do no damage.
The death yak is almost dead.
You hit the yak. You burn the yak. The death yak gores you!
You die...

....#........#.#.##.....#..P###
.......................#.....#,
...>...........................
..._......P.....................
...........P.#...P.....#.P......
.##........####..P#P...#.######P,
####.......###....##...###* ,,
#..##.....#.#[...##....#* ,,,*
...##.....##...Y@# ..##,,
.....#....#.P..YY# ,... ,, *
...รท#...........Y# .P , *
....##....##......
...##.....##......* ,
..#..P.....##P.###Y ,
.P##.......#### * . , , ,, , ...
##......


,YY , , , .... , ,.... , ,,, You could see 2 death yaks and 5 yaks.

Vanquished Creatures
  A minotaur (Gauntlet)
  Harold (D:8)
  7 hydras
  A centaur warrior (D:9)
  A two-headed ogre (D:10)
  A fire crab (Gauntlet)
  A necromancer (Gauntlet)
  An ugly thing (D:9)
  A black mamba (Lair:4)
  3 elephants (Lair:3)
  A merfolk siren (Lair:2)
  Maggie (D:9)
  Joseph (D:7)
  2 rime drakes
  A gargoyle (D:9)
  9 spiny frogs
  A kobold demonologist (D:9)
  8 komodo dragons
  An efreet (Gauntlet)
  Prince Ribbit (D:9)
  20 blink frogs
  4 hippogriffs
  A spriggan (D:8)
  7 wyverns
  A fire elemental (Gauntlet)
  3 redbacks (Lair:2)
  2 vampires
  20 yaks
  2 fire bats (Gauntlet)
  A steam dragon (Lair:4)
  2 basilisks (Lair:3)
  13 water moccasins
  2 hell hounds (Gauntlet)
  8 porcupines
  5 orc warriors
  A black bear (D:8)
  An ice beast (D:7)
  2 phantoms
  2 sky beasts
  5 ogres
  2 necrophages (D:8)
  14 wolves
  An eye of draining (D:8)
  18 crocodiles
  5 centaurs
  17 bullfrogs
  2 gnoll sergeants (D:7)
  A wyvern skeleton (D:9)
  4 scorpions
  A water moccasin skeleton (D:6)
  14 killer bees
  2 vampire bats (D:9)
  3 wights (D:10)
  3 electric eels
  3 howler monkeys
  3 crimson imps
  3 centaur zombies
  2 centaur skeletons
  3 hounds
  2 jellies
  9 orc priests
  10 orc wizards
  2 bullfrog skeletons (D:5)
  Natasha (thrice) (D:4)
  12 worker ants
  4 hell rats (Lair:3)
  A killer bee zombie (D:8)
  A hound skeleton (D:9)
  2 worker ant zombies
  8 gnolls (D:7)
  6 adders
  A shadow imp (D:5)
  2 oozes (D:2)
  An adder zombie (D:5)
  A worm (D:2)
  2 adder skeletons
  4 dart slugs
  5 leopard geckos
  58 orcs
  A ball python (D:3)
  3 bat skeletons (D:9)
  2 bat zombies (D:9)
  7 giant cockroaches
  8 goblins
  4 hobgoblins
  13 jackals
  8 kobolds
  5 quokkas
  4 bats
  7 frilled lizards
  A jackal skeleton (D:4)
  A jackal zombie (D:8)
  A leopard gecko skeleton (D:4)
  A quokka zombie (D:7)
  9 rats
  4 fungi
  3 plants
463 creatures vanquished.

Vanquished Creatures (collateral kills)
  Snorg (Lair:4)
  A catoblepas (Lair:4)
  An elephant (Lair:3)
  2 spiny frogs (Lair:4)
  A komodo dragon (Lair:6)
  A hippogriff (Lair:6)
  5 yaks (Lair:4)
  A fire bat (Gauntlet)
  A hell hound (Gauntlet)
  2 orc warriors (D:10)
  A bullfrog (Lair:3)
  An orc priest (D:10)
  An orc (D:10)
19 creatures vanquished.

Vanquished Creatures (others)
  6 fungi
  5 plants
  10 withered plants (Gauntlet)
21 creatures vanquished.

Grand Total: 503 creatures vanquished

Notes
Turn   | Place    | Note
-------+----------+-------------------------------------------
     0 | D:1      | Nixze the Deep Dwarf Berserker began the quest for the Orb.
     0 | D:1      | Reached XP level 1. HP: 20/20 MP: 1/1
   118 | D:1      | Reached XP level 2. HP: 21/27 MP: 2/2
   792 | D:2      | Reached XP level 3. HP: 19/34 MP: 3/3
   817 | D:2      | Reached skill level 4 in Axes
   825 | D:2      | Reached XP level 4. HP: 11/42 MP: 4/4
   875 | D:2      | Reached ** piety under Trog
  1539 | D:2      | Found a bloodstained altar of Trog.
  1978 | D:3      | Found a sacrificial altar of Ru.
  2385 | D:3      | Reached XP level 5. HP: 41/49 MP: 5/5
  2680 | D:4      | Found a snail-covered altar of Cheibriados.
  2723 | D:4      | Found Kiprebyu's Magic Scroll Boutique.
  2728 | D:4      | Bought a scroll of identify for 26 gold pieces
  2728 | D:4      | Bought a scroll of remove curse for 39 gold pieces
  2728 | D:4      | Bought a scroll of fear for 45 gold pieces
  2883 | D:4      | Reached skill level 5 in Axes
  2923 | D:4      | Reached XP level 6. HP: 45/56 MP: 5/5
  3002 | D:4      | Noticed Natasha
  3011 | D:4      | Killed Natasha
  3073 | D:4      | Noticed Natasha
  3080 | D:4      | Killed Natasha
  3100 | D:4      | Noticed Natasha
  3104 | D:4      | Killed Natasha
  3187 | D:4      | Reached *** piety under Trog
  3321 | D:5      | Entered Level 5 of the Dungeon
  3409 | D:5      | Reached skill level 6 in Axes
  3518 | D:5      | Reached XP level 7. HP: 52/64 MP: 6/6
  3657 | D:5      | Found a staircase to the Ecumenical Temple.
  3845 | D:5      | Got a shimmering tin ring
  4070 | D:6      | Found Kousyfi's Antique Armour Emporium.
  4121 | D:6      | Reached skill level 7 in Axes
  4170 | D:6      | Reached skill level 5 in Armour
  4172 | D:6      | Reached XP level 8. HP: 61/73 MP: 6/6
  4174 | D:6      | Reached skill level 5 in Dodging
  4335 | D:6      | Found a white marble altar of Elyvilon.
  4586 | D:6      | Found a blossoming altar of Fedhas.
  4831 | D:7      | Reached **** piety under Trog
  5003 | D:7      | Noticed Joseph
  5013 | D:7      | Reached skill level 5 in Fighting
  5013 | D:7      | Reached skill level 8 in Axes
  5017 | D:7      | Killed Joseph
  5068 | D:7      | Identified the ring "Iptuast" {+Fly rElec MP+9 SInv Stlth-}
                  | (You found it on level 5 of the Dungeon)
  5154 | D:7      | Found a shadowy altar of Dithmenos.
  5355 | D:7      | Found a shadowy altar of Dithmenos.
  5621 | D:8      | Reached skill level 1 in Shields
  5621 | D:8      | Gained mutation: You passively map the area around you.
                  | [Deep Dwarf growth]
  5621 | D:8      | Reached XP level 9. HP: 53/81 MP: 6/6
  5766 | D:8      | Reached skill level 9 in Axes
  5948 | D:8      | Reached ***** piety under Trog
  6176 | D:8      | Found a sparkling altar of Nemelex Xobeh.
  6195 | D:8      | Reached skill level 10 in Axes
  6228 | D:8      | Noticed Harold
  6248 | D:8      | Killed Harold
  6248 | D:8      | Reached XP level 10. HP: 87/92 MP: 6/6
  6533 | D:8      | Found a staircase to the Lair.
  6865 | D:9      | Found a hazy altar of Hepliaklqana.
  6899 | D:9      | Found a basalt altar of Yredelemnul.
  6901 | D:9      | Found a radiant altar of Vehumet.
  6976 | D:9      | Reached skill level 11 in Axes
  7033 | D:9      | Found an ornate altar of the Wu Jian Council.
  7035 | D:9      | Found an iron altar of Okawaru.
  7082 | D:9      | Noticed Prince Ribbit
  7092 | D:9      | Killed Prince Ribbit
  7101 | D:9      | Noticed a cyan ugly thing
  7160 | D:9      | Noticed a centaur warrior
  7177 | D:9      | Killed a centaur warrior
  7242 | D:9      | Noticed Maggie
  7253 | D:9      | Killed Maggie
  7337 | D:9      | Killed a cyan ugly thing
  7337 | D:9      | Reached XP level 11. HP: 75/100 MP: 5/5
  7563 | D:9      | Reached skill level 12 in Axes
  7639 | D:9      | Received a gift from Trog
  7658 | D:9      | Found an ancient bone altar of Kikubaaqudgha.
  7884 | D:10     | Entered Level 10 of the Dungeon
  7944 | D:10     | Noticed a two-headed ogre
  7954 | D:10     | Killed a two-headed ogre
  7954 | D:10     | Reached skill level 1 in Throwing
  8392 | D:10     | Found a staircase to the Orcish Mines.
  9012 | Lair:1   | Entered Level 1 of the Lair of Beasts
  9259 | Lair:1   | Received a gift from Trog
  9443 | Lair:1   | Reached skill level 13 in Axes
 10112 | Lair:2   | Noticed a seven-headed hydra
 10118 | Lair:2   | Killed a five-headed hydra
 10118 | Lair:2   | Reached XP level 12. HP: 92/112 MP: 1/1
 10549 | Lair:2   | Found a hole to the Spider Nest.
 10862 | Lair:2   | Reached skill level 10 in Armour
 10880 | Lair:2   | Reached skill level 10 in Dodging
 11106 | Lair:2   | Found a staircase to the Shoals.
 12010 | Lair:3   | Reached skill level 14 in Axes
 12029 | Lair:3   | Noticed a seven-headed hydra
 12035 | Lair:3   | Killed a four-headed hydra
 12510 | Lair:4   | HP: 5/114 [poisoned by a spiny frog]
 12511 | Lair:4   | HP: 2/114 [poisoned by a spiny frog]
 12609 | Lair:4   | Reached skill level 5 in Throwing
 12781 | Lair:4   | Reached XP level 13. HP: 21/121 MP: 1/1
 12907 | Lair:4   | Noticed Snorg
 12918 | Lair:4   | Received a gift from Trog
 12968 | Lair:4   | Killed Snorg
 13851 | Lair:5   | Found a gate leading to a gauntlet.
 13878 | Gauntlet | Entered a Gauntlet
 13878 | Gauntlet | Found a runed translucent door.
 13878 | Gauntlet | Found a transporter.
 13878 | Gauntlet | Found a runed translucent door.
 13878 | Gauntlet | Found a transporter.
 13884 | Gauntlet | Found a transporter.
 13896 | Gauntlet | Found a transporter.
 13914 | Gauntlet | Found a transporter.
 13914 | Gauntlet | Found a transporter.
 13916 | Gauntlet | Found a transporter.
 13916 | Gauntlet | Found a transporter.
 13917 | Gauntlet | Found a transporter.
 13930 | Gauntlet | Found a transporter.
 13945 | Gauntlet | Found a transporter.
 13955 | Gauntlet | Found a transporter.
 13969 | Gauntlet | Found a transporter.
 13989 | Gauntlet | Found a transporter.
 14059 | Gauntlet | Reached skill level 15 in Axes
 14219 | Gauntlet | Got a brightly glowing granite ring
 14246 | Gauntlet | Identified the ring "Eghojyco" {*Tele rF+ rC+ rN+} (You
                  | found it in a Gauntlet)
 14279 | Gauntlet | Identified the +2 trident of Virtue {holy, *Contam rN+++
                  | Int+6}
 14279 | Gauntlet | Noticed a minotaur
 14292 | Gauntlet | Killed a minotaur
 14344 | Lair:5   | Identified a +2 pair of boots of running (You found it in a
                  | Gauntlet)
 14902 | Lair:6   | Entered Level 6 of the Lair of Beasts
 15048 | Lair:6   | Found a viscous altar of Jiyva.
 15048 | Lair:6   | Found a staircase to the Slime Pits.
 15068 | Lair:6   | HP: 5/184 [seven-headed hydra (6)]
 15268 | Lair:6   | Reached skill level 10 in Fighting
 15271 | Lair:6   | Slain by a death yak

Illustrated notes

Levels and vault maps discovered:
D:1:      lightli_arrival_boilingwater, layout_basic
D:2:      layout_basic, lightli_temple_of_fire
D:3:      layout_loops_cross, nicolae_ru_sacrificial_ziggurat
D:4:      layout_loops_ring, cheibriados_altar_1, serial_shops,
          kennysheep_little_box, first_ration, uniq_natasha
D:5:      layout_basic, temple_green
D:6:      layout_cave_pools, fedhas_ov_isle_minmay, elyvilon_altar_3,
          serial_shops, nicolae_shop_overgrown_old_shop
D:7:      layout_basic, grunt_dithmenos_smoke, basic_altar, uniq_joseph
D:8:      layout_basic, nicolae_overflow_crystal_walls, lair_entry_dummy,
          grunt_pizzeria, minmay_misc_feat_enclosed, uniq_harold
D:9:      layout_irregular_city, nicolae_overflow_hidden_temple,
          kennysheep_vampire_church, overflow_temple_1_default, minivault_28,
          uniq_prince_ribbit1, uniq_maggie
D:10:     layout_roguey, erik_orc_2, hangedman_decor_diamond_cutter,
          dk_vineyard_3
Lair:1:   layout_chaotic_city, cheibrodos_lair_caveside_slide,
          serial_bayou_pond_d, grunt_forest_small_clearing_treed
Lair:2:   layout_gridlike, elwin_shoals_entry_rooms, spider_nest_entry_webs
Lair:3:   layout_gridlike, lemuel_fruit_fields, grunt_megastairs_2
Lair:4:   layout_gridlike, beast_lair_carwin_7, uniq_snorg
Lair:5:   layout_cave_pods, gauntlet_entry_generic, grunt_megastairs_1,
          infiniplex_staircase_pool_2
Lair:6:   due_jungle_book, layout_regular_city, slime_altar_1

Skill      XL: |  1  2  3  4  5  6  7  8  9 10 11 12 13 |
---------------+----------------------------------------+-----
Fighting       | 3 4 5 6 7 8 9 10 | 10.0
Axes           | 4 5 6 7 8 10 11 13 14 15 | 15.4
Armour         | 3 4 5 6 7 8 9 10 11 | 11.4
Dodging        | 3 4 6 7 8 9 10 11 | 11.4
Shields        | 1 4 |  4.0
Throwing       | 3 5 6 |  6.3

Action                   |  1- 3 |  4- 6 |  7- 9 | 10-12 | 13-15 || total
-------------------------+-------+-------+-------+-------+-------++-------
Melee: Hand axe          |    58 |    93 |       |       |       ||   151
       Dagger            |    29 |       |       |       |       ||    29
       War axe           |       |   103 |   414 |   214 |       ||   731
       Broad axe         |       |       |       |   425 |   154 ||   579
Throw: Stone             |     9 |    73 |       |       |       ||    82
       Dart              |       |     6 |       |     2 |       ||     8
       Boomerang         |       |    14 |    43 |   155 |   113 ||   325
       Javelin           |       |       |       |       |     4 ||     4
Invok: Berserk           |       |       |     6 |    26 |    15 ||    47
       Brothers in Arms  |       |       |       |     2 |     5 ||     7
 Abil: Heal Wounds       |       |     5 |     9 |    21 |     4 ||    39
Evoke: Wand              |       |       |     3 |     2 |       ||     5
  Use: Scroll            |       |       |     8 |     5 |     9 ||    22
       Potion            |       |       |       |     3 |     7 ||    10
 Stab: Confused          |       |       |     1 |       |       ||     1
       Distracted        |       |       |       |     1 |       ||     1
       Sleeping          |       |       |       |       |     3 ||     3
       Invisible         |       |       |       |       |     1 ||     1
  Eat: Chunk             |       |     9 |    11 |    39 |    19 ||    78
       Ration            |       |       |     1 |     2 |     1 ||     4
Armor: Animal skin       |     5 |       |       |       |       ||     5
       Scale mail        |    18 |    84 |   118 |       |       ||   220
       Leather armour    |     1 |       |       |       |       ||     1
       Chain mail        |       |       |    81 |       |       ||    81
       Plate armour      |       |       |       |   271 |    38 ||   309
       Ring mail         |       |       |       |       |     9 ||     9
Dodge: Dodged            |    41 |   120 |   274 |   281 |    77 ||   793
Block: Buckler           |       |       |    39 |   104 |    32 ||   175

Table legend:
 A = Non-vault XP
 B = Vault XP
 C = Vault XP percentage of total XP
 D = Non-vault monster count
 E = Vault monster count
 F = Vault count percentage of total count
                 A         B        C        D         E       F
            +---------+---------+-------+---------+---------+-------
      Total |   44696 |   14039 |  23.9 |     403 |      72 |  15.2
            +---------+---------+-------+---------+---------+-------
        D:1 |      27 |       0 |   0.0 |      19 |       0 |   0.0
        D:2 |     119 |       0 |   0.0 |      32 |       0 |   0.0
        D:3 |      67 |       0 |   0.0 |      14 |       0 |   0.0
        D:4 |     337 |      33 |   8.9 |      19 |       1 |   5.0
        D:5 |     357 |       0 |   0.0 |      14 |       0 |   0.0
        D:6 |     848 |       0 |   0.0 |      23 |       0 |   0.0
        D:7 |     566 |     412 |  42.1 |      25 |       1 |   3.8
        D:8 |    2935 |    1237 |  29.7 |      57 |       2 |   3.4
        D:9 |    2461 |    3686 |  60.0 |      32 |      21 |  39.6
       D:10 |    2598 |     614 |  19.1 |      24 |      19 |  44.2
     Lair:1 |    5261 |       0 |   0.0 |      25 |       0 |   0.0
     Lair:2 |    5314 |    1115 |  17.3 |      22 |       4 |  15.4
     Lair:3 |    6017 |     456 |   7.0 |      29 |       2 |   6.5
     Lair:4 |    8262 |    1757 |  17.5 |      39 |       7 |  15.2
     Lair:5 |    5708 |     439 |   7.1 |      15 |       1 |   6.2
     Lair:6 |    3819 |       0 |   0.0 |      14 |       0 |   0.0
   Gauntlet |       0 |    4290 | 100.0 |       0 |      14 | 100.0
            +---------+---------+-------+---------+---------+-------
